 Dungeon Crawl Stone Soup version 0.29.1-13-g9f3cf754e1 (webtiles) character file.

Game seed: 14024922428213804723

2572 croobank the Martial Artist (level 9, -6/61 HPs)
             Began as an Octopode Transmuter on Jan 28, 2023.
             Was an Initiate of Gozag.
             Mangled by a warg (13 damage)
             ... on level 7 of the Dungeon.
             The game lasted 00:24:36 (10237 turns).

croobank the Martial Artist (Octopode Transmuter)  Turns: 10237, Time: 00:24:37

Health: -6/61      AC:  5    Str: 10    XL:     9   Next: 57%
Magic:  16/16      EV: 15    Int: 19    God:    Gozag
Gold:   601        SH:  0    Dex: 12    Spells: 14/18 levels left

rFire   . . .      SeeInvis .   x - +2 short sword (venom)
rCold   . . .      Faith    .   (no shield)
rNeg    . . .      Spirit   .   (helmet currently unavailable)
rPois   .          Reflect  .   (no amulet)
rElec   .          Harm     .   b - +4 ring of protection
rCorr   .          Rampage  .   (no ring)
Will    .....                   (no ring)
Stlth   ++........              (no ring)
HPRegen 0.20/turn               (no ring)
MPRegen 0.15/turn               (no ring)
                                (no ring)
                                (no ring)

@: appendages
A: tentacle spike 3, almost no armour, amphibious, 8 rings, camouflage 1,
gelatinous body 1, (nimble swimmer 1), tentacles
a: End Transformation, Renounce Religion, Potion Petition, Call Merchant, Bribe
Branch


You were on level 7 of the Dungeon.
You worshipped Gozag.
Gozag was pleased with you.
One of your tentacles had grown a beastly spike.
You visited 1 branch of the dungeon, and saw 8 of its levels.

You collected 1265 gold pieces.
You spent 274 gold pieces at shops.
You paid 390 gold pieces to Gozag.

Inventory:

Hand Weapons
 j - a +2 dagger of holy wrath
 m - the +10 glaive "Gram" {vorpal, rF++ Str+2 Int-4}
   (You found it on level 2 of the Dungeon)

   It inflicts extra damage upon your enemies.
   Str:       It affects your strength (+2).
   Int:       It affects your intelligence (-4).
   rF:        It greatly protects you from fire.
 t - a +1 short sword of holy wrath
 w - a +0 long sword
 x - a +2 short sword of venom (weapon)
Missiles
 c - 4 curare-tipped darts (quivered)
 k - a throwing net
 l - 5 poisoned darts
Armour
 n - a +1 buckler
Jewellery
 b - a +4 ring of protection (left tentacle)
Wands
 g - a wand of quicksilver (6)
 y - a wand of charming (5)
 A - a wand of mindburst (8)
 C - a wand of iceblast (9)
 D - a wand of digging (6)
Scrolls
 f - 3 scrolls of magic mapping
 h - a scroll of immolation
 o - a scroll of enchant weapon
 p - a scroll of blinking
 r - a scroll of teleportation
 s - a scroll of vulnerability {unknown}
 v - a scroll of fog {unknown}
 z - a scroll of amnesia
 B - 3 scrolls of identify
Potions
 a - a potion of lignification
 d - 4 potions of attraction
 e - a potion of cancellation
 i - 2 potions of mutation
 q - a potion of degeneration
 u - 5 potions of might


   Skills:
 + Level 5.1 Fighting
 + Level 5.5 Dodging
 * Level 8.0 Unarmed Combat
 + Level 5.1 Spellcasting
 + Level 5.4 Transmutations


You had 14 spell levels left.
You knew the following spells:

 Your Spells              Type           Power      Damage    Failure   Level
a - Beastly Appendage     Tmut           50%        N/A       1%          1
b - Wereblood             Tmut           25%        N/A       1%          2
c - Necrotise             Necr           16%        1d4       12%         1

Your spell library contained the following spells:

 Spells                   Type           Power      Damage    Failure   Level
 Spider Form              Tmut/Pois      15%        N/A       12%         3
 Ignite Poison            Fire/Tmut/Pois 11%        N/A       17%         3
 Conjure Flame            Conj/Fire      4%         6-21      36%         3
 Frozen Ramparts          Ice            8%         1d2       36%         3
 Vampiric Draining        Necr           4%         2d6       36%         3
 Ice Form                 Ice/Tmut       15%        N/A       36%         4
 Sticky Flame             Conj/Fire      4%         2d3       77%         4
 Summon Ice Beast         Ice/Summ       4%         N/A       77%         4
 Agony                    Necr           4%         N/A       98%         5


Dungeon Overview and Level Annotations

Branches:
Dungeon (8/15)             Temple (0/1) D:6
   Lair: D:8-11

Altars:
Fedhas
Gozag
Sif Muna
Uskayaw

Shops:
D:3 [!(:?


Innate Abilities, Weirdness & Mutations

One of your tentacles has grown a beastly spike.
You cannot wear most types of armour.
You are amphibious.
You can wear up to eight rings at the same time.
Your skin changes colour to match your surroundings (Stealth+).
Your rubbery body absorbs attacks. (AC +1, EV +1)
((You are camouflaged when in or above water. (Stealth+)))
You have tentacles for arms and can constrict up to eight enemies at once.


Message History

You climb upwards.
There is a stone staircase leading down here.
You start resting.
HP restored.
You climb downwards.
The warg bites you! The warg bites you.
There is a stone staircase leading up, spattered with blood here.
The warg bites you!
The orc wizard points at you and mumbles some strange words.
The magic dart hits you!
You climb upwards.
There is a stone staircase leading down here.
Casting: Wereblood (safe; 1% risk of failure)
Confirm with . or Enter, or press ? or * to list all spells.
One of your tentacles grows a vicious spike.
The warg closely misses you.
You hit the warg.
Your tentacle spike misses the warg.
You squeeze the warg, but do no damage.
The warg is lightly wounded.
The warg misses you. The warg bites you but does no damage.
You closely miss the warg.
You pierce the warg!
You squeeze the warg.
The warg is heavily wounded.
The warg bites you but does no damage.
You barely miss the warg.
You pierce the warg, but do no damage.
You squeeze the warg, but do no damage.
The warg is heavily wounded.
The warg bites you! The warg closely misses you.
You closely miss the warg. You squeeze the warg!
The warg is severely wounded.
The warg misses you.
You barely miss the warg.
The warg is severely wounded.
The warg bites you!
* * * LOW HITPOINT WARNING * * *
The warg bites you.
* * * LOW HITPOINT WARNING * * *
You barely miss the warg. Your squeeze misses the warg.
The warg is severely wounded.
The warg bites you!
You die...
Your body crumbles into a pile of gold.

#....#...#.....[.#########
#...###.###...............
##...#...#...#.....#......
#.8...8...8.##..###......
#...#...#......####......
##.###.###(..####........
#...#...#.........#......
#.8)..8...8...#####......
#...#...@.....#####..###.
####.....h...........##..
#..###....##........#..
#.##......#.........#..
##.##...................
##.......................
##.....##.....#..........#
###....................#.#.#
#...#.#.<.....#####....#...#


You could see a warg.

Vanquished Creatures
  A hornet (D:6)
  Menkaure (D:7)
  2 wargs (D:8)
  3 water moccasins
  An ice beast (D:7)
  A black bear (D:7)
  2 phantoms
  A kobold brigand (D:5)
  3 bullfrogs
  A gnoll sergeant (D:6)
  2 scorpions
  5 hounds
  2 jellies
  5 orc priests
  2 gnoll boudas (D:4)
  4 iguanas
  4 orc wizards
  12 gnolls
  6 adders
  An ufetubus (D:7)
  A worm (D:3)
  2 dart slugs
  28 orcs
  8 ball pythons
  8 endoplasms
  6 giant cockroaches
  8 hobgoblins
  3 jackals (D:4)
  4 quokkas
  4 bats
  A frilled lizard (D:3)
  8 goblins
  9 kobolds
  2 rats
151 creatures vanquished.

Notes
Turn   | Place    | Note
-------+----------+-------------------------------------------
     0 | D:1      | croobank the Octopode Transmuter began the quest for the
                  | Orb.
     0 | D:1      | Reached XP level 1. HP: 13/13 MP: 3/3
   168 | D:1      | Reached XP level 2. HP: 13/18 MP: 1/5
   199 | D:1      | Learned a level 2 spell: Wereblood
   541 | D:1      | Found a faded altar of an unknown god.
   962 | D:2      | Reached XP level 3. HP: 23/23 MP: 2/6
  1515 | D:2      | Found an opulent altar of Gozag.
  1520 | D:2      | Became a worshipper of Gozag Ym Sagoz the Greedy
  1813 | D:2      | Identified the +10 glaive "Gram" {vorpal, rF++ Str+2 Int-4}
  2210 | D:3      | Found Gotoxyas's Weapon Emporium.
  2283 | D:3      | Found a shimmering blue altar of Sif Muna.
  2326 | D:3      | Found Yraghusch's Magic Scroll Emporium.
  2348 | D:3      | Bought a scroll of enchant weapon for 75 gold pieces
  2348 | D:3      | Bought a scroll of blinking for 75 gold pieces
  2348 | D:3      | Bought a scroll of identify for 20 gold pieces
  2462 | D:3      | Reached XP level 4. HP: 29/29 MP: 3/7
  2688 | D:3      | Found Xilek's Book Emporium.
  2709 | D:3      | Found Unuizxuf's Distillery.
  2713 | D:3      | Bought a potion of curing for 39 gold pieces
  2713 | D:3      | Bought a potion of heal wounds for 65 gold pieces
  2716 | D:3      | Found Lathar's Armour Shoppe.
  2951 | D:4      | Reached skill level 4 in Unarmed Combat
  2951 | D:4      | Reached XP level 5. HP: 17/34 MP: 4/8
  3537 | D:4      | Reached XP level 6. HP: 10/40 MP: 10/10
  4334 | D:4      | Reached skill level 5 in Unarmed Combat
  4390 | D:4      | Found a blossoming altar of Fedhas.
  4446 | D:5      | Entered Level 5 of the Dungeon
  4591 | D:5      | Noticed a water moccasin
  4600 | D:5      | Killed a water moccasin
  4601 | D:5      | Reached XP level 7. HP: 11/46 MP: 7/12
  5991 | D:5      | Reached XP level 8. HP: 32/52 MP: 10/13
  6381 | D:6      | Reached skill level 6 in Unarmed Combat
  6392 | D:6      | Noticed a hornet
  6814 | D:5      | Learned a level 1 spell: Necrotise
  6863 | D:6      | Killed a hornet
  7172 | D:6      | Found a hide-covered altar of Uskayaw.
  8221 | D:6      | Found a staircase to the Ecumenical Temple.
  8434 | D:7      | Reached skill level 7 in Unarmed Combat
  8504 | D:7      | Reached XP level 9. HP: 19/59 MP: 12/15
  8728 | D:7      | Noticed Menkaure
  8733 | D:7      | Killed Menkaure
  8734 | D:7      | Reached skill level 5 in Dodging
  8734 | D:7      | Reached skill level 5 in Transmutations
  9454 | D:8      | Reached skill level 5 in Spellcasting
  9468 | D:8      | Reached skill level 5 in Fighting
 10090 | D:8      | Reached skill level 8 in Unarmed Combat
 10237 | D:7      | Mangled by a warg

Illustrated notes

Levels and vault maps discovered:
D:1:      scummos_arrival_forest, layout_basic,
          shapermc_ecumenical_altar_ellora, minmay_statues_item,
          chequers_serial_rivers_micro_a, hangedman_decor_clover_reticule
D:2:      layout_loops_ring, basic_altar
D:3:      layout_rooms, lemuel_coloured_pillars_altar, serial_shops,
          nicolae_lakefront_shop, nicolae_shop_statue_plus, nicolae_shop_stone,
          shop, shop
D:4:      layout_cave_pods, fedhas_altar_1
D:5:      layout_basic
D:6:      layout_cave_pools, nicolae_uskayaw_suspiria,
          minmay_temple_entry_nine_rooms, kennysheep_generic_room_12
D:7:      layout_rooms, serial_aquarium, aquarium_bridge_square
          [aquarium_subvault_bridge, aquarium_subvault_wall,
          aquarium_subvault_wall, aquarium_subvault_bridge],
          aquarium_bridge_square [aquarium_subvault_balcony,
          aquarium_subvault_bridge, aquarium_subvault_window,
          aquarium_subvault_bridge], aquarium_window_2, aquarium_window_fake,
          aquarium_view_2b, aquarium_balcony_3a, minmay_misc_feat_four_crosses,
          uniq_menkaure
D:8:      layout_gridville, erik_lair_orcish_takeover, minmay_pinched_square

Skill      XL: |  1  2  3  4  5  6  7  8  9 |
---------------+----------------------------+-----
Fighting       | 2 3 4 5 |  5.1
Unarmed Combat | 4 5 7 8 |  8.0
Dodging        | 3 4 5 |  5.5
Transmutations | 3 4 5 |  5.4
Spellcasting   | 3 4 5 |  5.1

Action                   |  1- 3 |  4- 6 |  7- 9 || total
-------------------------+-------+-------+-------++-------
Melee: Unarmed           |    77 |   112 |    50 ||   239
       Kick              |    22 |    35 |    61 ||   118
       Constrict         |    17 |    32 |    41 ||    90
       Tentacles         |    12 |    29 |    49 ||    90
       Punch             |     2 |     3 |    10 ||    15
       Short sword       |       |       |   125 ||   125
Throw: Dart              |       |       |     6 ||     6
 Cast: Beastly Appendage |    24 |    21 |    21 ||    66
       Wereblood         |    18 |    19 |    23 ||    60
       Necrotise         |       |       |     1 ||     1
Invok: Potion Petition   |       |       |     1 ||     1
Evoke: Wand              |       |       |    11 ||    11
  Use: Scroll            |     4 |     1 |     9 ||    14
       Potion            |       |       |     5 ||     5
 Stab: Sleeping          |     3 |     1 |     3 ||     7
       Distracted        |       |       |     3 ||     3
Armor: Skin              |    11 |    30 |    45 ||    86
Dodge: Dodged            |    57 |    73 |   143 ||   273
